 Dungeon Crawl Stone Soup version 0.20.1-1-g8b1a95d (webtiles) character file.

21 digijack the Conjurer (level 2, -2/16 HPs)
             Began as a Tengu Wanderer on Nov 7, 2017.
             Slain by a hobgoblin
             ... wielding a cursed +0 club
              (4 damage)
             ... on level 1 of the Dungeon.
             The game lasted 00:06:30 (535 turns).

digijack the Conjurer (Tengu Wanderer)               Turns: 535, Time: 00:06:30

Health: -2/16      AC:  2    Str: 14    XL:     2   Next: 83%
Magic:  0/4        EV: 11    Int: 10    God:
Gold:   16         SH:  0    Dex: 13    Spells: 2/3 levels left

rFire    . . .     SeeInvis .   (no weapon)
rCold    . . .     Gourm    .   (no shield)
rNeg     . . .     Faith    .   c - +0 robe
rPois    .         Spirit   .   (helmet restricted)
rElec    .         Reflect  .   (no cloak)
rCorr    .         Harm     .   (no gloves)
MR       .....                  (boots unavailable)
Stlth    +.........             (no amulet)
Regen    0.1/turn               (no ring)
MPRegen  0.1/turn               (no ring)

@: no status effects
A: beak, talons 3
a: no special abilities


You were on level 1 of the Dungeon.
You were not hungry.

You visited 1 branch of the dungeon, and saw 1 of its levels.

You collected 16 gold pieces.

Inventory:

Armour
 c - a +0 robe (worn)
Books
 a - a book of Minor Magic

   Spells                             Type                      Level
   a - Magic Dart                     Conjuration                  1
   b - Blink                          Translocation                2
   c - Call Imp                       Summoning                    2
   d - Slow                           Hexes                        2
   e - Conjure Flame                  Conjuration/Fire             3
   f - Mephitic Cloud                 Conjuration/Poison/Air       3
 b - the Collected Works on Feathers

   Spells                             Type                      Level
   a - Swiftness                      Charms/Air                   2
   b - Poisonous Vapours              Poison/Air                   2
Comestibles
 f - a bread ration


   Skills:
 + Level 0.8 Fighting
 - Level 1.0 Throwing
 + Level 0.2 Dodging
   Level 1.0 Shields
 + Level 0.9 Unarmed Combat
 + Level 1.1 Spellcasting
 + Level 2.5 Conjurations
   Level 1.5 Charms
   Level 2.4 Transmutations
   Level 1.0 Ice Magic


You had 2 spell levels left.
You knew the following spells:

 Your Spells              Type           Power        Failure   Level  Hunger
a - Magic Dart            Conj           #...         12%         1    ##.....


Dungeon Overview and Level Annotations

Branches:
Dungeon (1/15)

Altars:


Innate Abilities, Weirdness & Mutations

You have a beak for a mouth.
You have claws for feet.


Message History

You hit the kobold but do no damage. You claw the kobold.
You kill the kobold!
You hit the goblin but do no damage. You claw the goblin.
You kill the goblin!
You barely miss the hobgoblin. Your kick misses the hobgoblin.
The hobgoblin hits you but does no damage.
You hit the hobgoblin. Your peck misses the hobgoblin.
The hobgoblin is heavily wounded.
You hit the hobgoblin.
You claw the hobgoblin, but do no damage.
The hobgoblin is severely wounded.
The hobgoblin misses you.
You closely miss the hobgoblin. Your kick misses the hobgoblin.
The hobgoblin is severely wounded.
The hobgoblin hits you with a club.
* * * LOW HITPOINT WARNING * * *
You closely miss the hobgoblin.
The hobgoblin is severely wounded.
The hobgoblin hits you with a club.
You die...

#.....####.##.#
#.###.#..#.##.#
#.#......#.#..#
############...#.#....#.##
...........gK.......#.#.#
####.###########....#...#
#...# #..#.#.### ###..#
#g##.#.# ##.# #@##.#.# #.#
#...>#.###### ...
#...........# ##
..≈≈.≈...#.##.#..#.####.#
#.##.≈≈.≈.≈...##....#.####.#
##.#.≈≈≈≈≈≈.≈# #.####.#....#
#...≈.≈≈≈≈.≈# #.. #.#.####
#.≈≈≈≈≈≈≈≈≈## #.## #.#.#
#.≈≈≈≈.≈≈≈..# #..# #.#.#


You could see a hobgoblin.

Vanquished Creatures
  2 leopard geckos (D:1)
  A giant cockroach (D:1)
  2 goblins (D:1)
  A hobgoblin (D:1)
  5 jackals (D:1)
  2 kobolds (D:1)
  A frilled lizard (D:1)
  A rat (D:1)
15 creatures vanquished.

Notes
Turn   | Place    | Note
-------+----------+-------------------------------------------
     0 | D:1      | digijack the Tengu Wanderer began the quest for the Orb.
     0 | D:1      | digijack set off with: a book of Minor Magic, the Collected Works on Feathers, a +0 robe, a +0 club, a bread ration
     0 | D:1      | Reached XP level 1. HP: 10/10 MP: 3/3
     2 | D:1      | Learned a level 1 spell: Magic Dart
   231 | D:1      | Reached XP level 2. HP: 15/16 MP: 0/4
   535 | D:1      | Slain by a hobgoblin

Skill      XL: |  1 |
---------------+----+-----
Conjurations   | 2 |  2.5
Fighting       | |  0.8
Throwing       | |  1.0
Dodging        | |  0.2
Shields        | |  1.0
Unarmed Combat | |  0.9
Spellcasting   | |  1.1
Charms         | |  1.5
Transmutations | |  2.4
Ice Magic      | |  1.0

Action                   || total
-------------------------++-------
Melee: Unarmed           ||    43
       Kick              ||    12
       Peck              ||     3
 Cast: Magic Dart        ||    21
  Use: Potion            ||     1
Armor: Robe              ||     9
Dodge: Dodged            ||    25
